 Dungeon Crawl Stone Soup version 0.27-a0-1228-gfd60fd639a (webtiles) character file.

Game seed: 16274582534737959831

6573 kae the Severer (level 11, 0/101 HPs)
             Began as a Hill Orc Fighter on June 7, 2021.
             Was a Believer of Qazlal.
             Slain by Maggie
             ... wielding a +3 broad axe of flaming
              (11 damage)
             ... on level 8 of the Dungeon on June 10, 2021.
             The game lasted 00:07:27 (11641 turns).

kae the Severer (Hill Orc Fighter)                 Turns: 11641, Time: 00:07:28

Health: 0/101      AC:  9    Str: 23    XL:     11   Next: 1%
Magic:  0/17       EV:  7    Int:  8    God:    Qazlal [**....]
Gold:   407        SH: 13    Dex: 16    Spells: 10/10 levels left

rFire    . . .     SeeInvis .   a - +2 war axe (vorpal)
rCold    . . .     Faith    .   c - +0 kite shield
rNeg     + . .     Spirit   +   b - +1 scale mail
rPois    .         Reflect  .   (no helmet)
rElec    .         Harm     .   j - +0 cloak
rCorr    .         Rampage  .   (no gloves)
Will     .....                  (no boots)
Stlth    ..........             e - amulet of guardian spirit
HPRegen  0.26/turn              g - +6 ring of dexterity
MPRegen  0.15/turn              r - ring of positive energy

@: mesmerised
A: no striking features
a: Renounce Religion, Upheaval


You were on level 8 of the Dungeon.
You worshipped Qazlal.
Qazlal was pleased with you.
You visited 2 branches of the dungeon, and saw 9 of its levels.
You also visited: Ossuary.

You collected 407 gold pieces.

Inventory:

Hand Weapons
 a - a +2 vorpal war axe (weapon)
Missiles
 i - 5 throwing nets (quivered)
 x - 7 curare-tipped darts
Armour
 b - a +1 scale mail (worn)
 c - a +0 kite shield (worn)
 j - a +0 cloak (worn)
 y - the +0 pair of boots "Zoyta" {rN+ Will+}
   (You acquired it in an ossuary)

   It protects you from negative energy.
   It increases your willpower.
Jewellery
 e - an amulet of guardian spirit (around neck)
 g - a +6 ring of dexterity (left hand)
 r - a ring of positive energy (right hand)
 A - a +6 ring of strength
 D - a ring of resist corrosion
 E - a ring of protection from cold
Wands
 h - a wand of flame (29)
 v - a wand of polymorph (4)
 w - a wand of paralysis (3)
 B - a wand of iceblast (11)
Scrolls
 d - 2 scrolls of teleportation
 F - a scroll of fear {unknown}
Potions
 f - 4 potions of haste
 k - 4 potions of curing
 l - 5 potions of flight
 m - a potion of invisibility
 n - 3 potions of magic
 o - a potion of attraction
 p - 4 potions of degeneration
 q - 2 potions of mutation
 s - 3 potions of might
 t - 5 potions of heal wounds
 u - 2 potions of brilliance {unknown}
 z - a potion of experience {unknown}
 C - a potion of lignification {unknown}


   Skills:
 + Level 10.9 Fighting
 * Level 15.2 Axes
 - Level 3.2 Armour
 - Level 3.2 Shields
 + Level 8.5 Invocations


You had 10 spell levels left.
You didn't know any spells.
Your spell library was empty.

Dungeon Overview and Level Annotations

Branches:
Dungeon (8/15)             Temple (1/1) D:5         Ossuary (visited)
   Lair: D:8-11

Altars:
Ashenzari
Dithmenos
Elyvilon
Fedhas
Gozag
Hepliaklqana
Nemelex Xobeh
Okawaru
Qazlal
Sif Muna
Trog
Uskayaw
Wu Jian
Yredelemnul
Zin
The Shining One

Annotations:
D:8 Maggie


Message History

You slice the cyclops!!
You kill the cyclops!
Qazlal accepts your kill.
Your Axes skill increases to level 15!
You slash Pikel!
Pikel is severely wounded.
Pikel hits you but does no damage.
You slash Pikel!
You kill Pikel!
Qazlal accepts your kill.
With Pikel's spell broken, his former minions thank you for their freedom.
The lemure departs this earthly plane. x2
Maggie mumbles some strange words.
Maggie draws you further into her thrall.
You have reached level 11!
Okay, then.
You slash Maggie!
Maggie is moderately wounded.
You block Maggie's attack.
Unknown command.
You hit Maggie but do no damage.
Maggie is moderately wounded.
You block Maggie's attack.
You slash Maggie!
Maggie is heavily wounded.
Maggie casts a spell at you. The bolt of fire hits you!!
You slice Maggie!!
Maggie is almost dead.
You block Maggie's attack.
You barely miss Maggie.
Maggie is almost dead.
Maggie hits you with a +3 broad axe of flaming!!
* * * LOW HITPOINT WARNING * * *
Maggie burns you.
* * * LOW HITPOINT WARNING * * *
You slash Maggie!
Maggie is almost dead.
Maggie hits you with a +3 broad axe of flaming!
You die...

#.# #.#.# #.
#.###.#.# #.
#5##....# #.
#.#.....# #.
#.......# #.
###C...?# #.
##...##
#.#########.##
#....@@†....#
#############


You could see Maggie (mesmerising).

Vanquished Creatures
  Pikel (D:8)
  An ugly thing (D:8)
  A cyclops (D:8)
  The ghost of Calas the Slasher, an amateur MiGl of Ru (D:4)
  A troll (D:6)
  5 yaks
  Edmund (D:6)
  3 black bears
  A sky beast (D:5)
  An ice beast (D:6)
  2 necrophages (D:6)
  2 ogres (D:4)
  An orc warrior (D:6)
  A centaur (D:7)
  2 lemures (D:8)
  A kobold brigand (D:6)
  2 bullfrogs
  11 scorpions
  3 wyvern skeletons (D:6)
  2 water moccasin skeletons
  9 killer bees
  8 wights
  A howler monkey (D:4)
  A bullfrog zombie (D:5)
  4 jellies
  4 human zombies (Ossuary)
  5 centaur zombies
  2 hounds
  An orc priest (D:2)
  A gnoll shaman (D:6)
  Crazy Yiuf (D:3)
  Jessica (D:3)
  3 iguanas
  3 scorpion zombies (Ossuary)
  7 orc wizards
  A killer bee zombie (D:7)
  3 mummies (Ossuary)
  Robin (D:3)
  A howler monkey skeleton (D:5)
  6 adders
  10 gnolls
  A shadow imp (D:8)
  A white imp (D:6)
  3 ufetubi
  An adder zombie (D:5)
  A worm (D:4)
  3 dart slugs
  12 orcs
  2 ball pythons (D:4)
  7 endoplasms
  4 giant cockroaches
  14 goblins
  11 hobgoblins
  4 jackals (D:5)
  3 quokkas
  4 bats
  4 frilled lizards (D:1)
  A gnoll zombie (Ossuary)
  2 goblin zombies (Ossuary)
  3 hobgoblin zombies (Ossuary)
  13 kobolds
  2 orc zombies (Ossuary)
  3 rats
215 creatures vanquished.

Notes
Turn   | Place    | Note
-------+----------+-------------------------------------------
     0 | D:1      | kae the Hill Orc Fighter began the quest for the Orb.
     0 | D:1      | Reached XP level 1. HP: 19/19 MP: 1/1
    73 | D:1      | Reached skill level 3 in Axes
   118 | D:1      | Reached XP level 2. HP: 13/27 MP: 2/2
   447 | D:1      | Found a faded altar of an unknown god.
   750 | D:1      | Reached skill level 4 in Axes
   804 | D:1      | Reached XP level 3. HP: 24/33 MP: 3/3
  2183 | D:2      | Reached XP level 4. HP: 41/41 MP: 4/4
  2334 | D:2      | Reached skill level 5 in Axes
  2454 | D:2      | Reached XP level 5. HP: 47/47 MP: 5/5
  2935 | D:3      | Noticed Robin
  2949 | D:3      | Killed Robin
  2950 | D:3      | Reached skill level 5 in Fighting
  2950 | D:3      | Reached skill level 6 in Axes
  3767 | D:3      | Noticed Jessica
  3772 | D:3      | Killed Jessica
  3773 | D:3      | Reached XP level 6. HP: 56/56 MP: 6/6
  4093 | D:3      | Reached skill level 7 in Axes
  4240 | D:3      | Found a runed translucent door.
  4241 | D:3      | Noticed Crazy Yiuf
  4362 | D:3      | Killed Crazy Yiuf
  4580 | D:4      | Noticed a black bear
  4584 | D:4      | Killed a black bear
  4594 | D:4      | Reached skill level 8 in Axes
  4594 | D:4      | Reached XP level 7. HP: 45/63 MP: 4/7
  4956 | D:4      | Found a runed translucent door.
  4956 | D:4      | Noticed Calas's ghost (amateur MiGl)
  5002 | D:4      | Killed Calas's ghost
  5003 | D:4      | Reached skill level 9 in Axes
  5003 | D:4      | Reached XP level 8. HP: 48/73 MP: 5/8
  5007 | D:4      | Found a runed translucent door.
  5124 | D:4      | Found a hide-covered altar of Uskayaw.
  5448 | D:4      | Reached skill level 10 in Axes
  5744 | D:5      | Entered Level 5 of the Dungeon
  5744 | D:5      | Found a staircase to the Ecumenical Temple.
  5791 | D:5      | Noticed a yak
  5804 | Temple   | Entered the Ecumenical Temple
  5892 | Temple   | Became a worshipper of Qazlal Stormbringer
  5929 | D:5      | Noticed a yak
  5929 | D:5      | Noticed a yak
  5930 | D:5      | Noticed a yak
  5930 | D:5      | Noticed a yak
  6017 | D:4      | Killed a yak
  6018 | D:4      | Reached skill level 1 in Invocations
  6358 | D:4      | Killed a yak
  6359 | D:4      | Reached skill level 11 in Axes
  6366 | D:4      | Killed a yak
  6585 | D:5      | Killed a yak
  6586 | D:5      | Reached XP level 9. HP: 61/82 MP: 7/11
  6705 | D:5      | Found a glowing golden altar of the Shining One.
  6712 | D:5      | Reached skill level 12 in Axes
  7333 | D:6      | Noticed a troll
  7345 | D:6      | Killed a troll
  7697 | D:6      | Reached skill level 5 in Invocations
  7880 | D:6      | Found a broken altar of Ashenzari.
  7982 | D:6      | Noticed Edmund
  7996 | D:6      | Reached * piety under Qazlal
  7999 | D:6      | Reached skill level 13 in Axes
  8000 | D:6      | Found a basalt altar of Yredelemnul.
  8008 | D:6      | Killed Edmund
  8456 | D:6      | Reached XP level 10. HP: 88/91 MP: 14/14
  9240 | D:7      | Found a sand-covered staircase.
  9259 | D:7      | Noticed a four-headed hydra
  9271 | Ossuary  | Entered an ossuary
  9305 | Ossuary  | Reached ** piety under Qazlal
  9306 | Ossuary  | Reached skill level 10 in Fighting
  9406 | Ossuary  | Reached skill level 14 in Axes
  9893 | Ossuary  | Identified a scroll of acquirement
  9893 | Ossuary  | Acquired the +0 pair of boots "Zoyta" {rN+ Will+}
 10077 | D:7      | Found a white marble altar of Elyvilon.
 11349 | D:8      | Reached *** piety under Qazlal
 11573 | D:8      | Found a sparkling altar of Nemelex Xobeh.
 11598 | D:8      | Noticed Pikel
 11598 | D:8      | Noticed a green ugly thing
 11603 | D:8      | Noticed Maggie
 11609 | D:8      | Noticed a cyclops
 11631 | D:8      | Killed a green ugly thing
 11632 | D:8      | Killed a cyclops
 11633 | D:8      | Reached skill level 15 in Axes
 11634 | D:8      | Killed Pikel
 11635 | D:8      | Reached XP level 11. HP: 53/101 MP: 0/17
 11641 | D:8      | Slain by Maggie

Illustrated notes

Levels and vault maps discovered:
D:1:      evilmike_arrival_home_sweet_home, layout_loops_ring,
          shapermc_ecumenical_altar_venn
D:2:      layout_basic, st_stairs_1
D:3:      layout_loops_corners, uniq_crazy_yiuf_cottage, uniq_robin,
          uniq_jessica
D:4:      layout_gridville, overflow_temple_1_default, ebering_ghost_sewer_f,
          serial_bayou_pond_a
D:5:      layout_basic, nicolae_tso_swordbearing_angel,
          minmay_temple_entry_statues_fountains, grunt_decor_resistance,
          st_stairs_14, dk_vineyard_3
D:6:      layout_loops_ring, lemuel_doored_altar, nicolae_ashenzari_skybound,
          amcnicky_mini_corridor_feature, minmay_fractal_squares_diagonal_5,
          uniq_edmund
D:7:      layout_basic, pf_just_have_faith, lightli_ossuary_entry_decrepit_ruins
D:8:      layout_loops_ring, nicolae_ru_the_path_less_chosen,
          nemelex_diamond_rough_becter, general_overflow_altar,
          marbit_many_paths, lair_entry_dummy, uniq_pikel, uniq_maggie
Temple:   cyrus_temple_forest

Skill      XL: |  1  2  3  4  5  6  7  8  9 10 |
---------------+-------------------------------+-----
Axes           | 3 4 5 6 8 9 11 13 15 | 15.2
Fighting       | 4 5 6 7 8 9 10 | 10.9
Invocations    | 3 6 8 |  8.5
Armour         | |  3.2
Shields        | |  3.2

Action                   |  1- 3 |  4- 6 |  7- 9 | 10-12 || total
-------------------------+-------+-------+-------+-------++-------
Melee: War axe           |    91 |   109 |   267 |   195 ||   662
Invok: Upheaval          |       |       |       |     3 ||     3
  Use: Scroll            |     1 |     6 |     4 |    11 ||    22
       Potion            |       |       |     1 |       ||     1
Armor: Scale mail        |    43 |    31 |   100 |    65 ||   239
Dodge: Dodged            |    30 |    22 |    75 |    52 ||   179
Block: Kite shield       |    70 |    40 |   159 |   158 ||   427

Table legend: (Time is in decaauts)
 A = Elapsed time spent in this place.
 B = Non-inter-level travel time spent in this place.
 C = Inter-level travel time spent in this place.
 D = Time resting spent in this place.
 E = Time spent auto-exploring this place.
 F = Levels seen in this place.
 G = Mean time per level.
                   A        B        C        D        E       F      G
               +--------+--------+--------+--------+--------+-----+--------+
         Total |  11809 |  11489 |    320 |   3362 |   6286 |  10 | 1180.9 |
       Dungeon |  10962 |  10665 |    297 |   3087 |   5919 |   8 | 1370.2 |
        Temple |    112 |     89 |     23 |      0 |     84 |   1 |  112.0 |
       Ossuary |    733 |    733 |      0 |    275 |    283 |   1 |  733.0 |
               +--------+--------+--------+--------+--------+-----+--------+

Top non-repeatable levels by time:
     D:1: 2124 daAuts
     D:4: 1796 daAuts
     D:3: 1661 daAuts
     D:6: 1652 daAuts
     D:7: 1325 daAuts
     D:5: 1072 daAuts
     D:2: 874 daAuts
 Ossuary: 733 daAuts
     D:8: 456 daAuts
  Temple: 112 daAuts
